PBL
HAMILTON CARDINALS @ CANTON INDIANS
09/03/2049
 
TOP OF THE 1ST
Hamilton Cardinals batting - Pitching for Canton Indians : LHP Keith Wilson
Pitching: LHP Keith Wilson
Batting: SHB Kelly Brooks 0-0: Ball
1-0: Foul Ball, location: 2F
1-1: Swinging Strike
1-2: Strikes out looking
Batting: RHB Matt Shaw 0-0: Foul Ball, location: 2F
0-1: Swinging Strike
0-2: Ball
1-2: Ball
2-2: Strikes out swinging
Batting: LHB Rafael Banda 0-0: Foul Ball, location: 2F
0-1: Ball
1-1: Ball
2-1: SOLO HOME RUN (Flyball, 9D, EV 106.9 MPH), Distance : 396 ft
Batting: SHB Jae-hong Kym 0-0: Fly out, F8 (Flyball, 8RM, EV 86.9 MPH)
Top of the 1st over - 1 run, 1 hit, 0 errors, 0 left on base; Hamilton 1 - Canton 0
BOTTOM OF THE 1ST
Canton Indians batting - Pitching for Hamilton Cardinals : RHP Earl Follett
Pitching: RHP Earl Follett
Batting: RHB Nick Rainey 0-0: Ball
1-0: Called Strike
1-1: Ball
2-1: Fly out, F5 (Popup, 25, EV 90.0 MPH)
Batting: RHB Oscar Hernandez 0-0: Fly out, F9 (Line Drive, 9LM, EV 109.4 MPH)
Batting: SHB Bob Ledlow 0-0: Ball
1-0: Foul Ball, location: 2F
1-1: Foul Ball, location: 2F
1-2: Ball
2-2: Strikes out looking
Bottom of the 1st over - 0 runs, 0 hits, 0 errors, 0 left on base; Hamilton 1 - Canton 0
TOP OF THE 2ND
Hamilton Cardinals batting - Pitching for Canton Indians : LHP Keith Wilson
Batting: LHB Josh Levin 0-0: Ball
1-0: Ball
2-0: Foul Ball, location: 2F
2-1: Foul Ball, location: 2F
2-2: Strikes out swinging
Batting: LHB Steven Higgs 0-0: Ball
1-0: Foul Ball, location: 2F
1-1: Ball
2-1: Foul Ball, location: 2F
2-2: Strikes out swinging
Batting: RHB Jeff Gale 0-0: Ball
1-0: Ball
2-0: Ball
3-0: Base on Balls
Batting: RHB Oscar Higareda 0-0: Called Strike
0-1: Swinging Strike
0-2: Ball
1-2: Strikes out swinging, 2-3 out at first.
Top of the 2nd over - 0 runs, 0 hits, 0 errors, 1 left on base; Hamilton 1 - Canton 0
BOTTOM OF THE 2ND
Canton Indians batting - Pitching for Hamilton Cardinals : RHP Earl Follett
Batting: LHB Mark Harris 0-0: Foul Ball, location: 2F
0-1: Ball
1-1: Called Strike
1-2: Strikes out swinging, 2-3 out at first.
Batting: RHB David Haas 0-0: Hit by Pitch
Batting: RHB Ryan Paquette 0-0: Ball
1-0: Ball
2-0: Ball
3-0: Base on Balls
David Haas to second
Batting: RHB Giuliano Giacoletti Jr. 0-0: Ball
1-0: Called Strike
1-1: Foul Ball, location: 2F
1-2: Strikes out swinging
Batting: RHB Jesus Sanchez 0-0: Ball
1-0: Foul Ball, location: 2F
1-1: Ball
2-1: Foul Ball, location: 2F
2-2: Ball
3-2: Strikes out looking
Bottom of the 2nd over - 0 runs, 0 hits, 0 errors, 2 left on base; Hamilton 1 - Canton 0
TOP OF THE 3RD
Hamilton Cardinals batting - Pitching for Canton Indians : LHP Keith Wilson
Batting: LHB John Stewart 0-0: Swinging Strike
0-1: Ball
1-1: Foul Ball, location: 2F
1-2: Strikes out swinging
Batting: SHB Kelly Brooks 0-0: Called Strike
0-1: Swinging Strike
0-2: Strikes out swinging
Batting: RHB Matt Shaw 0-0: Ball
1-0: Called Strike
1-1: Called Strike
1-2: Strikes out swinging
Top of the 3rd over - 0 runs, 0 hits, 0 errors, 0 left on base; Hamilton 1 - Canton 0
BOTTOM OF THE 3RD
Canton Indians batting - Pitching for Hamilton Cardinals : RHP Earl Follett
Batting: SHB Jose Abreu 0-0: Reached on error, E3 (Groundball, 3, EV 101.9 MPH)
Batting: RHB Nick Rainey 0-0: Swinging Strike
0-1: Ball
1-1: Ball
2-1: Called Strike
2-2: Ball
3-2: Fly out, F9 (Line Drive, 9S, EV 93.8 MPH)
Batting: RHB Oscar Hernandez 0-0: Called Strike
0-1: Grounds into double play, 1-6-3 (Groundball, 13S, EV 64.4 MPH)
Bottom of the 3rd over - 0 runs, 0 hits, 1 error, 0 left on base; Hamilton 1 - Canton 0
TOP OF THE 4TH
Hamilton Cardinals batting - Pitching for Canton Indians : LHP Keith Wilson
Batting: LHB Rafael Banda 0-0: Called Strike
0-1: Swinging Strike
0-2: Ball
1-2: Ball
2-2: Foul Ball, location: 2F
2-2: SOLO HOME RUN (Flyball, 9LD, EV 98.1 MPH), Distance : 357 ft
Batting: SHB Jae-hong Kym 0-0: Called Strike
0-1: Ball
1-1: SINGLE (Line Drive, 8LS, EV 104.4 MPH)
Batting: LHB Josh Levin 0-0: Foul Ball, location: 2F
0-1: Foul Ball, location: 2F
0-2: Ball
1-2: Ground out 5-3 (Groundball, 56S, EV 63.8 MPH)
Jae-hong Kym to second
Batting: LHB Steven Higgs 0-0: Ball
1-0: Ball
2-0: Fly out, F7 (Flyball, 7LSF, EV 91.2 MPH)
Batting: RHB Jeff Gale 0-0: Foul Ball, location: 2F
0-1: Foul Ball, location: 2F
0-2: Ball
1-2: Strikes out swinging
Top of the 4th over - 1 run, 2 hits, 0 errors, 1 left on base; Hamilton 2 - Canton 0
BOTTOM OF THE 4TH
Canton Indians batting - Pitching for Hamilton Cardinals : RHP Earl Follett
Batting: SHB Bob Ledlow 0-0: Ball
1-0: Ball
2-0: Called Strike
2-1: Ball
3-1: Foul Ball, location: 2F
3-2: SOLO HOME RUN (Flyball, 9D, EV 100.6 MPH), Distance : 388 ft
Batting: LHB Mark Harris 0-0: Called Strike
0-1: Ground out 6-3 (Groundball, 6, EV 83.1 MPH)
Batting: RHB David Haas 0-0: SINGLE (Groundball, 6MD, EV 109.4 MPH)
Batting: RHB Ryan Paquette 0-0: Fly out, F3 (Popup, 23, EV 72.5 MPH)
Batting: RHB Giuliano Giacoletti Jr. 0-0: Ball
1-0: Called Strike
1-1: Called Strike
1-2: Ball
2-2: Strikes out looking
Bottom of the 4th over - 1 run, 2 hits, 0 errors, 1 left on base; Hamilton 2 - Canton 1
TOP OF THE 5TH
Hamilton Cardinals batting - Pitching for Canton Indians : LHP Keith Wilson
Batting: RHB Oscar Higareda 0-0: Called Strike
0-1: Called Strike
0-2: Foul Ball, location: 2F
0-2: Strikes out swinging
Batting: LHB John Stewart 0-0: Ball
1-0: Called Strike
1-1: Ball
2-1: Swinging Strike
2-2: Foul Ball, location: 2F
2-2: Ball
3-2: Foul Ball, location: 2F
3-2: Base on Balls
Batting: SHB Kelly Brooks 0-0: Ball
1-0: Called Strike
1-1: Foul Ball, location: 2F
1-2: Ball
2-2: Strikes out swinging
Pitching: LHP Willie Tirado
Batting: RHB Matt Shaw 0-0: Called Strike
0-1: Swinging Strike
0-2: Fly out, F9 (Flyball, 89S, EV 91.9 MPH)
Top of the 5th over - 0 runs, 0 hits, 0 errors, 1 left on base; Hamilton 2 - Canton 1
BOTTOM OF THE 5TH
Canton Indians batting - Pitching for Hamilton Cardinals : RHP Earl Follett
Batting: RHB Jesus Sanchez 0-0: Called Strike
0-1: Foul Ball, location: 2F
0-2: Ground out 5-3 (Groundball, 56, EV 86.9 MPH)
Batting: SHB Jose Abreu 0-0: Called Strike
0-1: Called Strike
0-2: Ball
1-2: Ball
2-2: Ball
3-2: Strikes out looking
Batting: RHB Nick Rainey 0-0: Ball
1-0: Foul Ball, location: 2F
1-1: Foul Ball, location: 2F
1-2: Strikes out swinging
Bottom of the 5th over - 0 runs, 0 hits, 0 errors, 0 left on base; Hamilton 2 - Canton 1
TOP OF THE 6TH
Hamilton Cardinals batting - Pitching for Canton Indians : LHP Willie Tirado
Batting: LHB Rafael Banda 0-0: Ball
1-0: Reached on error, E4 (Groundball, 4S, EV 63.1 MPH)
Batting: SHB Jae-hong Kym 0-0: Ball
1-0: Ball
2-0: Swinging Strike
2-1: Ball
3-1: Base on Balls
Rafael Banda to second
Batting: LHB Josh Levin 0-0: Ball
1-0: Ball
2-0: Swinging Strike
2-1: Ball
3-1: Foul Ball, location: 2F
3-2: Base on Balls
Rafael Banda to third
Jae-hong Kym to second
Batting: LHB Steven Higgs 0-0: Called Strike
0-1: Foul Ball, location: 2F
0-2: Strikes out swinging
Batting: RHB Jeff Gale 0-0: Ball
1-0: Ball
2-0: Called Strike
2-1: SINGLE (Groundball, 6MD, EV 110.0 MPH)
Rafael Banda scores
Jae-hong Kym to third
Josh Levin to second
Batting: RHB Oscar Higareda 0-0: SINGLE (Groundball, 5L, EV 96.2 MPH)
Jae-hong Kym scores
Josh Levin to third
Jeff Gale to second
Batting: LHB John Stewart 0-0: Called Strike
0-1: Ball
1-1: Foul Ball, location: 2F
1-2: Strikes out swinging
Batting: SHB Kelly Brooks 0-0: Ball
1-0: Foul Ball, location: 2F
1-1: Ball
2-1: Foul Ball, location: 2F
2-2: Ball
3-2: Base on Balls
Josh Levin scores
Jeff Gale to third
Oscar Higareda to second
Pitching: RHP Steve Child
Batting: RHB Matt Shaw 0-0: Swinging Strike
0-1: Swinging Strike
0-2: Strikes out looking
Top of the 6th over - 3 runs, 2 hits, 1 error, 3 left on base; Hamilton 5 - Canton 1
BOTTOM OF THE 6TH
Canton Indians batting - Pitching for Hamilton Cardinals : RHP Earl Follett
Batting: RHB Oscar Hernandez 0-0: Ball
1-0: Ball
2-0: Fly out, F7 (Flyball, 7LM, EV 98.8 MPH)
Batting: SHB Bob Ledlow 0-0: Swinging Strike
0-1: Swinging Strike
0-2: Strikes out looking
Batting: LHB Mark Harris 0-0: Ball
1-0: Ball
2-0: Called Strike
2-1: Foul Ball, location: 2F
2-2: Ball
3-2: Strikes out swinging
Bottom of the 6th over - 0 runs, 0 hits, 0 errors, 0 left on base; Hamilton 5 - Canton 1
TOP OF THE 7TH
Hamilton Cardinals batting - Pitching for Canton Indians : RHP Steve Child
Batting: LHB Rafael Banda 0-0: Ball
1-0: Called Strike
1-1: Foul Ball, location: 2F
1-2: Foul Ball, location: 2F
1-2: Strikes out swinging
Batting: SHB Jae-hong Kym 0-0: Ground out 6-3 (Groundball, 6M, EV 101.2 MPH)
Batting: LHB Josh Levin 0-0: Ball
1-0: Called Strike
1-1: Foul Ball, location: 2F
1-2: Ball
2-2: Strikes out swinging
Top of the 7th over - 0 runs, 0 hits, 0 errors, 0 left on base; Hamilton 5 - Canton 1
BOTTOM OF THE 7TH
Canton Indians batting - Pitching for Hamilton Cardinals : RHP Earl Follett
Pitching: RHP Morgan Phang
Pinch Hitting: SHB Brad Larabel 0-0: Called Strike
0-1: Foul Ball, location: 2F
0-2: SINGLE (Flyball, 8LS, EV 100.0 MPH)
Batting: RHB Ryan Paquette 0-0: SINGLE (Groundball, 56D, EV 107.5 MPH)
Brad Larabel to second
Pinch Hitting: RHB Jose Lebron 0-0: SINGLE (Line Drive, 56D, EV 108.8 MPH)
Brad Larabel to third
Ryan Paquette to second
Pinch Hitting: LHB Julio Zamora 0-0: Ball
1-0: Called Strike
1-1: Ball
2-1: Ball
3-1: Foul Ball, location: 2F
3-2: SINGLE (Groundball, 25, EV 64.4 MPH) (infield hit)
Brad Larabel scores
Ryan Paquette to third
Jose Lebron to second
Batting: SHB Jose Abreu 0-0: Ball
1-0: Swinging Strike
1-1: Ball
2-1: Called Strike
2-2: Strikes out swinging
Pinch Hitting: RHB Joe Bauer 0-0: Ball
1-0: Grounds into fielders choice 4-2 (Groundball, 34S, EV 93.1 MPH)
Jose Lebron to third
Julio Zamora to second
Pinch Hitting: SHB Henri Chardon 0-0: Called Strike
0-1: Swinging Strike
0-2: Strikes out swinging
Bottom of the 7th over - 1 run, 4 hits, 0 errors, 3 left on base; Hamilton 5 - Canton 2
TOP OF THE 8TH
Hamilton Cardinals batting - Pitching for Canton Indians : RHP Steve Child
Now at 1B: Henri Chardon
Now at 2B: Joe Bauer
Now at SS: Darren Allan
Now in LF: Jonathan Johnstad
Now in RF: Julio Zamora
Batting: LHB Steven Higgs 0-0: Ball
1-0: Fly out, F8 (Flyball, 8RD, EV 86.2 MPH)
Batting: RHB Jeff Gale 0-0: Called Strike
0-1: Ball
1-1: Ball
2-1: Foul Ball, location: 2F
2-2: Strikes out swinging
Batting: RHB Oscar Higareda 0-0: Foul Ball, location: 2F
0-1: Swinging Strike
0-2: Ball
1-2: Ball
2-2: Foul Ball, location: 2F
2-2: Fly out, F9 (Flyball, 9LS, EV 94.4 MPH)
Top of the 8th over - 0 runs, 0 hits, 0 errors, 0 left on base; Hamilton 5 - Canton 2
BOTTOM OF THE 8TH
Canton Indians batting - Pitching for Hamilton Cardinals : RHP Morgan Phang
Batting: SHB Bob Ledlow 0-0: Ball
1-0: Swinging Strike
1-1: Foul Ball, location: 2F
1-2: Strikes out swinging
Batting: LHB Mark Harris 0-0: Foul Ball, location: 2F
0-1: Swinging Strike
0-2: Ball
1-2: Ball
2-2: Strikes out looking
Pinch Hitting: LHB Dorian Oram 0-0: Ball
1-0: Ball
2-0: Foul Ball, location: 2F
2-1: Ball
3-1: Called Strike
3-2: SINGLE (Line Drive, 8RS, EV 105.6 MPH)
Batting: RHB Ryan Paquette 0-0: Ball
1-0: Ball
2-0: Called Strike
2-1: Foul Ball, location: 2F
2-2: Ball
3-2: Foul Ball, location: 2F
3-2: Base on Balls
Dorian Oram to second
Pinch Hitting: RHB Josh Carini 0-0: Ball
1-0: Ball
2-0: Called Strike
2-1: Foul Ball, location: 2F
2-2: Ground out 6-3 (Groundball, 6S, EV 83.8 MPH)
Bottom of the 8th over - 0 runs, 1 hit, 0 errors, 2 left on base; Hamilton 5 - Canton 2
TOP OF THE 9TH
Hamilton Cardinals batting - Pitching for Canton Indians : RHP Steve Child
Pitching: RHP Abdul-Wadud Mazin
Now at SS: Josh Carini
Now in LF: Aubrey Regimbald
Pinch Hitting: LHB Jonathan Barker 0-0: Swinging Strike
0-1: Foul Ball, location: 2F
0-2: Foul Ball, location: 2F
0-2: Strikes out swinging
Batting: SHB Kelly Brooks 0-0: Fly out, F8 (Flyball, 8LD, EV 105.6 MPH)
Batting: RHB Matt Shaw 0-0: Called Strike
0-1: Swinging Strike
0-2: Ball
1-2: Ball
2-2: Strikes out swinging
Top of the 9th over - 0 runs, 0 hits, 0 errors, 0 left on base; Hamilton 5 - Canton 2
BOTTOM OF THE 9TH
Canton Indians batting - Pitching for Hamilton Cardinals : RHP Morgan Phang
Pitching: LHP Kevin Snider
Now in RF: Jonathan Barker
Batting: LHB Julio Zamora 0-0: Ball
1-0: Ball
2-0: Foul Ball, location: 2F
2-1: Foul Ball, location: 2F
2-2: Strikes out swinging, 2-3 out at first.
Batting: SHB Jose Abreu 0-0: Called Strike
0-1: Foul Ball, location: 2F
0-2: Ball
1-2: Ball
2-2: Ground out 5-3 (Groundball, 56, EV 106.2 MPH)
Batting: RHB Joe Bauer 0-0: Foul Ball, location: 2F
0-1: Foul Ball, location: 2F
0-2: Strikes out looking
Bottom of the 9th over - 0 runs, 0 hits, 0 errors, 0 left on base; Hamilton 5 - Canton 2
Sunday, July 16th , 2023 - OOTP Baseball 24.6 Build 69